 Dungeon Crawl Stone Soup version 0.31-a0-986-g5e6e4ef867 (console) character file.

Game seed: 1862766557417844162

58393 jejorda2 the Cleaver (level 14, -2/114 HPs)
             Began as a Gnoll Berserker on Nov 11, 2023.
             Was an Elder of Trog.
             Slain by Jorgrun
             ... wielding a +0 heavy quarterstaff
              (15 damage)
             ... on level 13 of the Dungeon on Nov 12, 2023.
             The game lasted 01:00:00 (24912 turns).

jejorda2 the Cleaver (Gnoll Berserker)             Turns: 24912, Time: 01:00:00

Health: -2/114     AC: 26    Str: 24    XL:     14   Next: 90%
Magic:  27/27      EV: 10    Int:  7    God:    Trog [****..]
Gold:   1236       SH:  6    Dex: 12    Spells: 32/32 levels left

rFire   + . .        a - +0 war axe
rCold   + + .        j - +0 buckler of Muexza Fuoff {+Inv rF+ rC+ Will+}
rNeg    . . .        M - +1 plate armour {rPois}
rPois   +            T - +2 hat {SInv}
rElec   +            A - +2 cloak
rCorr   .            (no gloves)
SInv    +            C - +0 pair of boots
Will    ++++.        I - amulet "Rixezonwi" {Faith Rampage rElec Str+3} Stlth
                     B - +4 ring of protection
HPRegen 1.39/turn    F - ring of protection from cold
MPRegen 0.20/turn

%: rampage, faith
@: strong-willed, on berserk cooldown, regenerating, slowed, very slow
A: fangs 1, strong nose, distributed training
a: Renounce Religion, Evoke Invisibility, Berserk, Trog's Hand, Brothers in Arms


You were on level 13 of the Dungeon.
You worshipped Trog.
Trog was greatly pleased with you.
You visited 2 branches of the dungeon, and saw 18 of its levels.

You collected 2419 gold pieces.
You spent 1183 gold pieces at shops.

Inventory:

Hand Weapons
 a - a +0 war axe (weapon)
 b - a +4 scimitar of flaming
Missiles
 m - 10 boomerangs
 o - 17 poisoned darts (quivered)
 v - 3 javelins
 y - 4 curare-tipped darts
 L - 5 silver javelins
Armour
 j - the +0 buckler of Muexza Fuoff (worn) {+Inv rF+ rC+ Will+}
   (You found it on level 2 of the Dungeon)

   rF+:       It protects you from fire.
   rC+:       It protects you from cold.
   Will+:     It increases your willpower.
   +Inv:      It lets you turn invisible.
 A - a +2 cloak (worn)
 C - a +0 pair of boots (worn)
 M - a +1 plate armour of poison resistance (worn)
 T - a +2 hat of see invisible (worn)
Jewellery
 z - a ring of willpower
 B - a +4 ring of protection (left hand)
 F - a ring of protection from cold (right hand)
 H - a +4 ring of protection
 I - the amulet "Rixezonwi" (around neck) {Faith Rampage rElec Str+3}
   (You bought it in a shop on level 2 of the Dungeon)

   [amulet of faith]

   Faith:     It allows you to gain divine favour quickly.
   Str+3:     It affects your strength (+3).
   rElec:     It insulates you from electricity.
   Rampage:   It bestows one free step when moving towards enemies.
 P - a ring of flight
Wands
 n - a wand of digging (6)
 p - a wand of acid (12)
 s - a wand of roots (39)
 t - a wand of flame (42)
 u - a wand of charming (13)
 D - a wand of mindburst (14)
 J - a wand of polymorph (10)
Scrolls
 d - a scroll of revelation
 i - 2 scrolls of immolation
 k - 9 scrolls of teleportation
 q - 2 scrolls of fear
 w - a scroll of enchant armour
 G - 3 scrolls of fog
 O - 2 scrolls of poison
 S - 2 scrolls of blinking
Potions
 c - 2 potions of enlightenment
 e - 5 potions of mutation
 f - 3 potions of might
 g - a potion of haste
 h - 2 potions of cancellation
 l - 3 potions of heal wounds
 r - 2 potions of resistance
 x - 3 potions of attraction
 E - 2 potions of ambrosia
 K - 7 potions of curing
 Q - a potion of berserk rage {unknown}
 R - a potion of invisibility
Miscellaneous
 N - a condenser vane (inert)


   Skills:
 + Level 11.7 Fighting
 + Level 9.8 Short Blades
 + Level 9.8 Long Blades
 + Level 11.7 Axes
 + Level 9.8 Maces & Flails
 + Level 9.8 Polearms
 + Level 9.8 Staves
 + Level 9.8 Ranged Weapons
 + Level 9.8 Throwing
 + Level 10.8 Armour
 + Level 10.8 Dodging
 + Level 9.8 Stealth
 + Level 9.8 Shields
 + Level 9.8 Unarmed Combat
 + Level 9.8 Spellcasting
 + Level 8.2 Conjurations
 + Level 8.2 Hexes
 + Level 8.2 Summonings
 + Level 8.2 Necromancy
 + Level 8.2 Translocations
 + Level 8.2 Transmutations
 + Level 8.2 Fire Magic
 + Level 8.2 Ice Magic
 + Level 8.2 Air Magic
 + Level 8.2 Earth Magic
 + Level 8.2 Poison Magic
 + Level 10.6 Invocations
 + Level 9.8 Evocations
 + Level 9.0 Shapeshifting


You had 32 spell levels left.
You didn't know any spells.
Your spell library was empty.

Dungeon Overview and Level Annotations

Branches:
Dungeon (13/15)            Temple (0/1) D:6            Lair (5/5) D:8
 Shoals (0/4) Lair:2        Snake (0/4) Lair:3        Slime (0/5) Lair:4
    Orc (0/2) D:9
 Vaults: D:13-14

Altars:
Cheibriados
Dithmenos
Elyvilon
Fedhas
Gozag
Kikubaaqudgha
Nemelex Xobeh
Okawaru
Ru
Sif Muna
Uskayaw
Wu Jian
Xom
Yredelemnul
The Shining One
Jiyva
Lugonu

Shops:
D:2 =   D:5 ?   D:7 *   D:10 *

Portals:
Abyss: Lair:2
Trove: D:12 (give 18 potions of curing)

Annotations:
D:1 1 transporter
D:10 2 transporters, arvidsem's ghost, novice DECj
D:13 Jorgrun


Innate Abilities, Weirdness & Mutations

You have very sharp teeth.
Your uncanny sense of smell can sniff out nearby items.
Your experience applies equally to all skills.


Message History

Unknown command.
Unknown command.
Unknown command.
You feel much better. Jorgrun hits you but does no damage.
Unknown command.
You feel much better. Jorgrun gestures at you while chanting.
Roots burst forth from the earth!
The grasping roots grab you! The grasping roots constrict you!
Unknown command.
Aiming: Fastroot
Press: ? - help, Shift-Dir - straight line, f - Jorgrun
Aim: Jorgrun, wielding a +0 heavy quarterstaff and wearing a +0 robe (heavily wounded)
The roots erupt in riotous growth!
Roots grab Jorgrun.
Roots grab the manticore.
The grasping roots constrict Jorgrun!!
The grasping roots constrict the manticore!
You block Jorgrun's attack. The grasping roots constrict you.
You escape the roots grasp.
The grasping roots constrict Jorgrun!!
The grasping roots constrict the manticore!
You kill the manticore!
Trog accepts your kill.
The roots release their grip on Jorgrun.
Jorgrun gestures next to you while chanting.
Some rock shatters into small pieces.
Jorgrun gestures at you while chanting.
Roots burst forth from the earth!
The grasping roots grab you! The grasping roots constrict you.
You escape the roots grasp.
Jorgrun attacks as he pursues you! Jorgrun hits you but does no damage.
Jorgrun attacks as he pursues you!
Jorgrun hits you with a +0 heavy quarterstaff.
Jorgrun points at you and mumbles some strange words.
The iron shot hits you!!
* * * LOW HITPOINT WARNING * * *
There is a stone staircase leading up, spattered with blood here.
Jorgrun hits you with a +0 heavy quarterstaff!
You die...

#.......#
#)..$...#
#.......# #'##
#..## #...##
#####.#.####
#.......g..#
#.......@..#
#..........#
#...........#
#..............
#..........####
#..........#
############


You could see Jorgrun.

Vanquished Creatures
  Gastronok (D:11)
  A vault guard (D:12)
  A hydra (Lair:5)
  Fannar (D:10)
  Erolcha (D:11)
  4 catoblepae
  2 two-headed ogres (D:12)
  A boulder beetle (Lair:5)
  7 death yaks
  Pikel (D:4)
  A deep elf pyromancer (D:12)
  An oklob plant (Lair:2)
  A cyclops (D:12)
  4 manticores
  Maurice (D:8)
  4 elephants (Lair:5)
  Joseph (D:8)
  6 torpor snails
  A gargoyle (D:8)
  8 cane toads
  7 black mambas
  Jeremiah (D:7)
  An unseen horror (D:12)
  7 komodo dragons
  A kobold demonologist (D:12)
  An efreet (D:9)
  2 polar bears
  7 trolls
  Grinder (D:5)
  A hornet (D:8)
  Prince Ribbit (D:7)
  20 blink frogs
  9 dream sheep
  Sigmund (D:5)
  72 yaks
  5 shadows
  3 basilisks
  Grum (D:10)
  3 vampire mosquitoes (D:12)
  A steam dragon (Lair:3)
  A warg (D:9)
  3 nagas (Lair:3)
  2 swamp worms (Lair:3)
  3 acid dragons
  18 water moccasins
  3 black bears
  6 orc warriors
  2 ice beasts (D:7)
  7 centaurs
  22 wolves
  2 ogres
  2 lemures (D:4)
  A phantom (D:5)
  Blork the orc (D:4)
  4 kobold brigands
  13 bullfrogs
  2 gnoll sergeants
  4 scorpions
  8 wights
  18 killer bees
  2 howler monkeys
  4 electric eels
  3 hounds
  A gnoll bouda (D:7)
  10 orc priests
  Natasha (thrice) (D:2)
  17 hell rats
  An iguana (D:5)
  12 orc wizards
  Ijyb (D:4)
  13 gnolls
  5 adders
  A white imp (D:8)
  4 ufetubi (D:7)
  2 worms
  2 dart slugs
  41 orcs
  13 endoplasms
  6 giant cockroaches
  6 hobgoblins
  9 kobolds
  A quokka (D:4)
  6 ball pythons
  3 bats
  5 frilled lizards
  9 goblins
  3 rats
498 creatures vanquished.

Vanquished Creatures (collateral kills)
  A hydra (Lair:5)
  A skyshark (Lair:5)
  A yak (Lair:5)
  A water moccasin (Lair:5)
4 creatures vanquished.

Vanquished Creatures (others)
  A cyclops (D:9)
  A wind drake (shapeshifter) (D:9)
  An orc wizard (D:6)
  A howler monkey simulacrum (D:9)
  2 lurking horrors (Lair:2)
6 creatures vanquished.

Grand Total: 508 creatures vanquished

Notes
Turn   | Place    | Note
-------+----------+-------------------------------------------
     0 | D:1      | jejorda2 the Gnoll Berserker began the quest for the Orb.
     0 | D:1      | Reached XP level 1. HP: 23/23 MP: 1/1
   200 | D:1      | Reached XP level 2. HP: 29/29 MP: 2/2
   809 | D:1      | Found a faded altar of an unknown god.
   858 | D:2      | Reached XP level 3. HP: 27/35 MP: 3/3
   942 | D:2      | Reached skill level 1 in Invocations
  1006 | D:2      | Identified the +0 buckler of Muexza Fuoff {+Inv rF+ rC+
                  | Will+}
  1024 | D:2      | Noticed Natasha
  1030 | D:2      | Killed Natasha
  1031 | D:2      | Reached skill level 1 in Short Blades
  1031 | D:2      | Reached skill level 1 in Long Blades
  1031 | D:2      | Reached skill level 1 in Maces & Flails
  1031 | D:2      | Reached skill level 1 in Polearms
  1031 | D:2      | Reached skill level 1 in Staves
  1031 | D:2      | Reached skill level 1 in Ranged Weapons
  1031 | D:2      | Reached skill level 1 in Throwing
  1031 | D:2      | Reached skill level 1 in Stealth
  1031 | D:2      | Reached skill level 1 in Shields
  1031 | D:2      | Reached skill level 1 in Unarmed Combat
  1031 | D:2      | Reached skill level 1 in Spellcasting
  1031 | D:2      | Reached skill level 1 in Evocations
  1031 | D:2      | Reached skill level 1 in Shapeshifting
  1031 | D:2      | Reached XP level 4. HP: 41/41 MP: 5/5
  1109 | D:2      | Noticed Natasha
  1119 | D:2      | Killed Natasha
  1119 | D:2      | Reached ** piety under Trog
  1120 | D:2      | Reached skill level 1 in Conjurations
  1120 | D:2      | Reached skill level 1 in Hexes
  1120 | D:2      | Reached skill level 1 in Summonings
  1120 | D:2      | Reached skill level 1 in Necromancy
  1120 | D:2      | Reached skill level 1 in Translocations
  1120 | D:2      | Reached skill level 1 in Transmutations
  1120 | D:2      | Reached skill level 1 in Fire Magic
  1120 | D:2      | Reached skill level 1 in Ice Magic
  1120 | D:2      | Reached skill level 1 in Air Magic
  1120 | D:2      | Reached skill level 1 in Earth Magic
  1120 | D:2      | Reached skill level 1 in Poison Magic
  1163 | D:2      | Noticed Natasha
  1178 | D:2      | Killed Natasha
  1179 | D:2      | Reached XP level 5. HP: 19/47 MP: 5/7
  1356 | D:2      | Found Wihab's Jewellery Shoppe.
  2478 | D:3      | Found a sacrificial altar of Ru.
  2782 | D:4      | Noticed Blork the orc
  2788 | D:4      | Killed Blork the orc
  2789 | D:4      | Reached XP level 6. HP: 53/53 MP: 8/8
  2832 | D:4      | Noticed Ijyb
  2868 | D:4      | Killed Ijyb
  3050 | D:4      | Noticed Pikel
  3100 | D:4      | Killed Pikel
  3101 | D:4      | Reached skill level 5 in Armour
  3101 | D:4      | Reached skill level 5 in Dodging
  3101 | D:4      | Reached XP level 7. HP: 60/60 MP: 8/11
  3181 | D:4      | Found a white marble altar of Elyvilon.
  3192 | D:4      | Found a shadowy altar of Dithmenos.
  3942 | D:2      | Bought a ring of poison resistance for 220 gold pieces
  4013 | D:5      | Entered Level 5 of the Dungeon
  4023 | D:5      | Reached XP level 8. HP: 67/67 MP: 12/12
  4027 | D:5      | Found a snail-covered altar of Cheibriados.
  4200 | D:5      | Noticed Grinder
  4217 | D:5      | Killed Grinder
  4275 | D:5      | Found a blossoming altar of Fedhas.
  4376 | D:5      | You fall into a shaft and drop 1 floor!
  4385 | D:5      | Noticed Sigmund
  4416 | D:5      | Killed Sigmund
  4598 | D:5      | Found Yzaem's Magic Scroll Shoppe.
  4602 | D:5      | Bought a scroll of fear for 52 gold pieces
  5112 | D:6      | Found a shimmering altar of Xom.
  5137 | D:6      | Reached XP level 9. HP: 73/73 MP: 14/14
  5341 | D:6      | Found an ancient bone altar of Kikubaaqudgha.
  5473 | D:6      | Found a staircase to the Ecumenical Temple.
  5986 | D:7      | Noticed Prince Ribbit
  6121 | D:7      | Killed Prince Ribbit
  6194 | D:7      | Found an ornate altar of the Wu Jian Council.
  6278 | D:7      | Found Gozag's Platinum Reserve.
  6306 | D:7      | Reached *** piety under Trog
  6307 | D:7      | Reached skill level 5 in Invocations
  6399 | D:7      | Found an opulent altar of Gozag.
  6498 | D:7      | Noticed Jeremiah
  6799 | D:8      | Found an iron altar of Okawaru.
  6841 | D:8      | Found a sparkling altar of Nemelex Xobeh.
  7068 | D:8      | Reached XP level 10. HP: 80/80 MP: 17/17
  7078 | D:8      | Reached skill level 5 in Short Blades
  7078 | D:8      | Reached skill level 5 in Long Blades
  7078 | D:8      | Reached skill level 5 in Maces & Flails
  7078 | D:8      | Reached skill level 5 in Polearms
  7078 | D:8      | Reached skill level 5 in Staves
  7078 | D:8      | Reached skill level 5 in Ranged Weapons
  7078 | D:8      | Reached skill level 5 in Throwing
  7078 | D:8      | Reached skill level 5 in Stealth
  7078 | D:8      | Reached skill level 5 in Shields
  7078 | D:8      | Reached skill level 5 in Unarmed Combat
  7078 | D:8      | Reached skill level 5 in Spellcasting
  7078 | D:8      | Reached skill level 5 in Evocations
  7233 | D:8      | Noticed Maurice
  7248 | D:8      | Noticed a gargoyle
  7255 | D:8      | Maurice stole 8 poisoned darts
  7261 | D:8      | Killed a gargoyle
  7287 | D:8      | Something stole a +2 whip of draining
  7288 | D:8      | Maurice stole 310 gold
  7289 | D:8      | Killed Maurice
  7520 | D:8      | Reached skill level 5 in Shapeshifting
  7641 | D:8      | Noticed Joseph
  7662 | D:8      | Killed Joseph
  7794 | D:8      | Found a staircase to the Lair.
  8523 | D:7      | Found a hide-covered altar of Uskayaw.
  8749 | D:7      | Killed Jeremiah
  9068 | D:9      | Reached XP level 11. HP: 39/87 MP: 19/19
  9457 | D:9      | Reached skill level 5 in Conjurations
  9457 | D:9      | Reached skill level 5 in Hexes
  9457 | D:9      | Reached skill level 5 in Summonings
  9457 | D:9      | Reached skill level 5 in Necromancy
  9457 | D:9      | Reached skill level 5 in Translocations
  9457 | D:9      | Reached skill level 5 in Transmutations
  9457 | D:9      | Reached skill level 5 in Fire Magic
  9457 | D:9      | Reached skill level 5 in Ice Magic
  9457 | D:9      | Reached skill level 5 in Air Magic
  9457 | D:9      | Reached skill level 5 in Earth Magic
  9457 | D:9      | Reached skill level 5 in Poison Magic
  9534 | D:9      | Found a staircase to the Orcish Mines.
  9938 | D:9      | Reached **** piety under Trog
 10029 | D:9      | Found a transporter.
 10030 | D:9      | Found a transporter.
 10033 | D:9      | Noticed a cyclops
 10043 | D:9      | Found a glowing golden altar of the Shining One.
 10053 | D:9      | Killed a cyclops
 10286 | D:9      | Found a basalt altar of Yredelemnul.
 10611 | Lair:1   | Entered Level 1 of the Lair of Beasts
 10982 | D:2      | Bought the amulet "Rixezonwi" {Faith Rampage rElec Str+3}
                  | for 663 gold pieces
 11651 | Lair:1   | Noticed a death yak
 11664 | Lair:1   | Killed a death yak
 11666 | Lair:1   | Reached XP level 12. HP: 53/96 MP: 22/22
 12652 | Lair:2   | Reached skill level 10 in Fighting
 12652 | Lair:2   | Reached skill level 10 in Axes
 13235 | Lair:2   | Found a staircase to the Shoals.
 13279 | Lair:2   | Found a corrupted altar of Lugonu.
 13279 | Lair:2   | Found a one-way gate to the infinite horrors of the Abyss.
 14332 | Lair:3   | You fall into a shaft and drop 1 floor!
 15138 | Lair:3   | Reached XP level 13. HP: 32/104 MP: 23/25
 16161 | Lair:3   | Identified the blade talisman "Aliriduc" {*Slow +Blink
                  | Dex+5}
 16563 | Lair:3   | Reached ***** piety under Trog
 16798 | Lair:3   | Found a staircase to the Snake Pit.
 17580 | Lair:4   | Found a staircase to the Slime Pits.
 17582 | Lair:4   | Found a viscous altar of Jiyva.
 17972 | Lair:5   | Entered Level 5 of the Lair of Beasts
 18726 | Lair:5   | Received a gift from Trog
 18779 | Lair:5   | Reached skill level 10 in Armour
 18779 | Lair:5   | Reached skill level 10 in Dodging
 18877 | Lair:5   | Identified the +1 flail of the Singing Gods {drain, Int+3}
 19194 | Lair:5   | Reached XP level 14. HP: 109/113 MP: 25/27
 20036 | Lair:5   | Reached skill level 10 in Invocations
 20998 | D:10     | Entered Level 10 of the Dungeon
 21119 | D:10     | Found a transporter.
 21128 | D:10     | Found a transporter.
 21132 | D:10     | Noticed arvidsem's ghost (novice DECj)
 21235 | D:10     | Noticed Fannar
 21235 | D:10     | Noticed Grum
 21256 | D:10     | Killed Fannar
 21259 | D:10     | Killed Grum
 21459 | D:10     | Found Ilaxeud's Island Escapes.
 21682 | D:10     | Found a shimmering blue altar of Sif Muna.
 21827 | D:10     | Bought a potion of invisibility for 128 gold pieces
 21827 | D:10     | Bought a scroll of blinking for 120 gold pieces
 22280 | D:11     | Noticed Gastronok
 22295 | D:11     | Killed Gastronok
 22373 | D:11     | Noticed Erolcha
 22386 | D:11     | Killed Erolcha
 22431 | D:11     | Identified a scroll of acquirement
 22431 | D:11     | Acquired 826 gold pieces
 24791 | D:12     | Found a portal to a secret trove of treasure.
 24881 | D:13     | Noticed Jorgrun
 24903 | D:13     | HP: 3/114 [Jorgrun/+0 heavy quarterstaff (20)]
 24912 | D:13     | Slain by Jorgrun

Illustrated notes

Levels and vault maps discovered:
D:1:      spicycebolla_arrival_risky_transporter, layout_basic,
          shapermc_ecumenical_altar_petra, moated_statue
D:2:      layout_basic, serial_rivers, chequers_serial_rivers_small_3,
          chequers_serial_rivers_small_b, chequers_serial_rivers_micro_c,
          chequers_serial_rivers_micro_d, chequers_serial_rivers_room_a,
          serial_shops, shop, grunt_decor_fettered, uniq_natasha
D:3:      layout_basic, nicolae_ru_path_of_blood, minmay_curled_crystal
D:4:      layout_basic, amethyst_overflow_temple_binary, lightli_corner_chamber,
          uniq_blork_the_orc, uniq_ijyb, uniq_pikel
D:5:      layout_basic, old_standard_altar, mainiacjoe_overflow_chevrons,
          serial_shops, kennysheep_mini, uniq_sigmund, uniq_grinder
D:6:      layout_cave_pools, overflow_temple_1_default, lemuel_round_altar,
          lemuel_temple_firewalk_a
D:7:      layout_basic, nicolae_uskayaw_dance_hall,
          pdpol_wu_jian_five_deadly_venoms, nicolae_gozag_zags_fifth_avenue,
          uniq_jeremiah, uniq_prince_ribbit1
D:8:      layout_loops_cross, lemuel_coloured_pillars_altar,
          mainiacjoe_overflow_tiny_flanked, due_lair_maze_entry_diamond,
          minmay_crystal_water, minmay_puff, uniq_joseph, uniq_maurice
D:9:      layout_rooms, mainiacjoe_overflow_brackets,
          gammafunk_temple_overflow_arena, erik_orc_3
D:10:     layout_basic, nicolae_overflow_hidden_temple,
          gammafunk_ghost_stat_death, serial_rivers,
          chequers_serial_rivers_small_3, chequers_serial_rivers_micro_b,
          chequers_serial_rivers_room_a, chequers_serial_rivers_small_a,
          chequers_serial_rivers_small_a, chequers_serial_rivers_marsh,
          nicolae_island_escapes, uniq_fannar, uniq_grum
D:11:     layout_layer_cave, uniq_erolcha, uniq_gastronok
D:12:     kennysheep_seaside_town, layout_stronghold, enter_trove_5,
          kennysheep_generic_room_14
D:13:     layout_roguey [special_room_orc], lightli_vaults_fourway_checkpoint,
          serial_curves, eino_curves_02, eino_curves_03, uniq_josephine,
          uniq_jorgrun
Lair:1:   layout_long_grid, st_stairs_9, nicolae_lair_grove_arrangements
Lair:2:   layout_cave_pods, minmay_shoals_entry_centaurs,
          minmay_lair_oklob_bushes, amcnicky_altar_lugonu_corruption,
          grunt_megastairs_3
Lair:3:   layout_roguey, nicolae_snake_entry_squirm, worms_lemuel,
          serial_bayou_shore_a
Lair:4:   layout_roguey, slime_entry_1
Lair:5:   evilmike_catoblepas_cave, layout_gridlike

Skill      XL: |  1  2  3  4  5  6  7  8  9 10 11 12 13 14 |
---------------+-------------------------------------------+-----
Invocations    | 1 2 3 4 5 6 7 8 9 10 | 10.6
Short Blades   | 1 2 3 4 5 6 8 9 |  9.8
Long Blades    | 1 2 3 4 5 6 8 9 |  9.8
Maces & Flails | 1 2 3 4 5 6 8 9 |  9.8
Polearms       | 1 2 3 4 5 6 8 9 |  9.8
Staves         | 1 2 3 4 5 6 8 9 |  9.8
Ranged Weapons | 1 2 3 4 5 6 8 9 |  9.8
Throwing       | 1 2 3 4 5 6 8 9 |  9.8
Stealth        | 1 2 3 4 5 6 8 9 |  9.8
Shields        | 1 2 3 4 5 6 8 9 |  9.8
Unarmed Combat | 1 2 3 4 5 6 8 9 |  9.8
Spellcasting   | 1 2 3 4 5 6 8 9 |  9.8
Evocations     | 1 2 3 4 5 6 8 9 |  9.8
Shapeshifting  | 1 2 3 4 5 6 7 8 9 |  9.0
Conjurations   | 1 2 3 4 5 6 7 8 |  8.2
Hexes          | 1 2 3 4 5 6 7 8 |  8.2
Summonings     | 1 2 3 4 5 6 7 8 |  8.2
Necromancy     | 1 2 3 4 5 6 7 8 |  8.2
Translocations | 1 2 3 4 5 6 7 8 |  8.2
Transmutations | 1 2 3 4 5 6 7 8 |  8.2
Fire Magic     | 1 2 3 4 5 6 7 8 |  8.2
Ice Magic      | 1 2 3 4 5 6 7 8 |  8.2
Air Magic      | 1 2 3 4 5 6 7 8 |  8.2
Earth Magic    | 1 2 3 4 5 6 7 8 |  8.2
Poison Magic   | 1 2 3 4 5 6 7 8 |  8.2
Fighting       | 7 8 9 10 11 | 11.7
Axes           | 7 8 9 10 11 | 11.7
Armour         | 5 6 7 8 9 10 | 10.8
Dodging        | 5 6 7 8 9 10 | 10.8

Action                     |  1- 3 |  4- 6 |  7- 9 | 10-12 | 13-15 || total
---------------------------+-------+-------+-------+-------+-------++-------
  Melee: Hand axe          |    70 |   181 |   186 |       |       ||   437
         Bite              |     5 |    17 |    26 |   120 |   183 ||   351
         Punch             |     1 |       |       |       |       ||     1
         War axe           |       |       |   162 |   920 |  1068 ||  2150
         Scimitar          |       |       |       |       |     5 ||     5
  Throw: Dart              |       |       |     4 |    21 |    33 ||    58
         Javelin           |       |       |       |       |     2 ||     2
 Invoke: Berserk           |     1 |     3 |     8 |    19 |    21 ||    52
         Trog's Hand       |       |     1 |     4 |     6 |     5 ||    16
         Brothers in Arms  |       |       |       |     1 |     3 ||     4
Ability: Begin Untransform |       |       |       |     1 |       ||     1
  Evoke: Wand              |       |       |     1 |     6 |     6 ||    13
         Condenser vane    |       |       |       |       |     1 ||     1
    Use: Scroll            |       |       |    14 |     5 |     9 ||    28
         Potion            |       |       |       |       |     2 ||     2
   Stab: Sleeping          |     1 |       |       |       |       ||     1
         Distracted        |       |       |       |     1 |       ||     1
         Petrified         |       |       |       |       |     5 ||     5
 Armour: Animal skin       |     6 |       |       |       |       ||     6
         Leather armour    |    12 |       |       |       |       ||    12
         Scale mail        |     6 |    58 |       |       |       ||    64
         Chain mail        |       |    27 |   284 |   210 |       ||   521
         Plate armour      |       |       |       |   653 |   957 ||  1610
  Dodge: Dodged            |    44 |    51 |   172 |   425 |   431 ||  1123
  Block: Buckler           |     1 |    30 |    80 |   241 |   309 ||   661
   Form: Beast             |     1 |       |       |       |       ||     1

Table legend: (Time is in decaauts)
 A = Elapsed time spent in this place.
 B = Non-inter-level travel time spent in this place.
 C = Inter-level travel time spent in this place.
 D = Time resting spent in this place.
 E = Time spent auto-exploring this place.
 F = Levels seen in this place.
 G = Mean time per level.
                   A        B        C        D        E       F      G
               +--------+--------+--------+--------+--------+-----+--------+
         Total |  25483 |  23852 |   1631 |   3899 |  15173 |  18 | 1415.7 |
       Dungeon |  15269 |  14052 |   1217 |   1545 |   9756 |  13 | 1174.5 |
          Lair |  10213 |   9800 |    413 |   2353 |   5416 |   5 | 2042.6 |
               +--------+--------+--------+--------+--------+-----+--------+

Top non-repeatable levels by time:
  Lair:5: 2906 daAuts
  Lair:3: 2468 daAuts
     D:8: 2289 daAuts
  Lair:2: 1956 daAuts
     D:9: 1502 daAuts
    D:12: 1470 daAuts
  Lair:4: 1467 daAuts
  Lair:1: 1414 daAuts
    D:11: 1411 daAuts
     D:2: 1266 daAuts
     D:4: 1257 daAuts
     D:7: 1193 daAuts
     D:6: 1122 daAuts
    D:10: 964 daAuts
     D:5: 959 daAuts
